 Dungeon Crawl Stone Soup version 0.23.0 (webtiles) character file.

Game seed: 15943998157679421950

408 Revguard the Slasher (level 6, -11/48 HPs)
             Began as a Demonspawn Monk on Feb 19, 2019.
             Was a Believer of Ashenzari.
             Killed by nerve-wracking pain
             ... invoked by an orc priest
              (14 damage)
             ... on level 4 of the Dungeon.
             The game lasted 00:10:51 (3086 turns).

Revguard the Slasher (Demonspawn Monk)              Turns: 3086, Time: 00:10:53

Health: -11/48     AC:  7    Str: 13      XL:     6   Next: 57%
Magic:  6/6        EV: 12    Int: 12      God:    Ashenzari [**....]
Gold:   92         SH:  0    Dex: 13 (15) Spells: 5/5 levels left

rFire    + . .     SeeInvis .   a - +0 falchion (curse)
rCold    . . .     Gourm    .   (no shield)
rNeg     . . .     Faith    .   j - +0 ring mail (curse)
rPois    .         Spirit   .   (no helmet)
rElec    .         Reflect  .   (no cloak)
rCorr    .         Harm     .   (no gloves)
MR       .....                  (no boots)
Stlth    +.........             (no amulet)
HPRegen  0.16/turn              (no ring)
MPRegen  0.10/turn              (no ring)

@: very slightly contaminated, invisible
A: molten scales 1, fire resistance 1
a: Curse Item, Scrying, Renounce Religion


You were on level 4 of the Dungeon.
You worshipped Ashenzari.
Ashenzari was pleased with you.
You were hungry.

You visited 1 branch of the dungeon, and saw 4 of its levels.

You collected 92 gold pieces.

Inventory:

Hand Weapons
 a - a cursed +0 falchion (weapon)
Armour
 b - a +0 robe
 e - a +0 leather armour
 j - a cursed +0 ring mail (worn)
Scrolls
 d - a scroll of enchant weapon
 f - a scroll of blinking {unknown}
 g - 2 scrolls of teleportation {unknown}
 i - 3 scrolls of remove curse
 l - a scroll of magic mapping {unknown}
 n - 2 scrolls of amnesia {unknown}
 p - 2 scrolls of immolation {unknown}
 r - a scroll of fog {unknown}
 t - a scroll of fear {unknown}
Potions
 h - a potion of brilliance
 k - a potion of magic
 o - a potion of curing
Comestibles
 c - 9 rations


   Skills:
 + Level 3.9 Fighting
 + Level 4.7(6.9) Long Blades
 + Level 2.4 Armour
 + Level 3.8 Dodging
 + Level 2.5 Stealth


You had 5 spell levels left.
You didn't know any spells.
Your spell library was empty.

Dungeon Overview and Level Annotations

Branches:
Dungeon (4/15)
 Temple: D:4-7

Altars:
Ashenzari
Qazlal
Trog
Xom
Yredelemnul


Innate Abilities, Weirdness & Mutations

You are partially covered in molten scales. (AC +2)
Your flesh is heat resistant. (rF+)


Message History

Pain shoots through your body!
* * * LOW HITPOINT WARNING * * *
You hit the orc priest.
The orc priest is moderately wounded.
The orc priest hits you but does no damage.
You completely miss the orc priest.
The orc priest is moderately wounded.
The orc priest hits you but does no damage.
You slash the orc priest!
The orc priest is almost dead.
The quokka closely misses you.
The orc priest hits you with a +0 short sword.
* * * LOW HITPOINT WARNING * * *
You strike the helpless orc priest from behind!
You hit the orc priest.
The orc priest is almost dead.
The quokka misses you.
The orc priest calls down the wrath of Beogh upon you.
Pain shoots through your body!
You die...

, , , , ## , ,,
,,.##### , *, .....
* .... * ..# .. ,
########o.#....
#(.....@r...# , ,
,, ,###.#####)#.###
, ,......##.#,.. ,
* *#.##.##.#, ... *
#####.......# * ##.
* #..........## **
* #.######.#.## ,
######.# #......# *
, *
......<####.#.#..##
, *


You could see an orc priest and a quokka.

Vanquished Creatures
  Sigmund (D:3)
  A howler monkey (D:2)
  A quasit (D:3)
  A bullfrog skeleton (D:4)
  6 adders
  3 worms
  2 dart slugs (D:1)
  2 leopard geckos
  An orc (D:4)
  10 bats
  5 giant cockroaches
  6 goblins
  8 hobgoblins
  5 jackals
  3 quokkas
  A frilled lizard (D:3)
  11 kobolds
  11 rats
78 creatures vanquished.

Vanquished Creatures (others)
  An orc wizard (D:4)
1 creature vanquished.

Grand Total: 79 creatures vanquished

Notes
Turn   | Place    | Note
-------+----------+-------------------------------------------
     0 | D:1      | Revguard the Demonspawn Monk began the quest for the Orb.
     0 | D:1      | Reached XP level 1. HP: 18/18 MP: 1/1
   161 | D:1      | Gained mutation: You are partially covered in molten
                  | scales. (AC +2) [demonic ancestry]
   161 | D:1      | Reached XP level 2. HP: 19/24 MP: 2/2
   345 | D:1      | Reached skill level 3 in Long Blades
   433 | D:1      | HP: 1/24 [hobgoblin/+0 club (4)]
   446 | D:1      | Reached XP level 3. HP: 10/29 MP: 3/3
  1057 | D:2      | Found a basalt altar of Yredelemnul.
  1097 | D:2      | Reached skill level 1 in Armour
  1196 | D:2      | Found a shattered altar of Ashenzari.
  1206 | D:2      | Became a worshipper of Ashenzari the Shackled
  1206 | D:2      | Reached * piety under Ashenzari
  1206 | D:2      | Reached ** piety under Ashenzari
  1254 | D:2      | Reached XP level 4. HP: 23/35 MP: 4/4
  1616 | D:2      | Found a stormy altar of Qazlal.
  1850 | D:2      | Found a shimmering altar of Xom.
  2181 | D:3      | Noticed Sigmund
  2223 | D:3      | Killed Sigmund
  2223 | D:3      | Reached skill level 4 in Long Blades
  2223 | D:3      | Reached XP level 5. HP: 7/42 MP: 5/5
  2223 | D:3      | Gained mutation: Your flesh is heat resistant. (rF+)
                  | [demonic ancestry]
  2223 | D:3      | Reached XP level 6. HP: 8/48 MP: 6/6
  2899 | D:3      | Found a bloodstained altar of Trog.
  3086 | D:4      | Killed from afar by an orc priest

Skill      XL: |  1  2  3  4 |
---------------+-------------+-----
Dodging        | 3 |  3.8
Long Blades    | 3 4 |  4.7
Armour         | 1 2 |  2.4
Stealth        | 2 |  2.5
Fighting       | |  3.9

Action                   |  1- 3 |  4- 6 || total
-------------------------+-------+-------++-------
Melee: Falchion          |   145 |   209 ||   354
Invok: Curse Item        |       |     2 ||     2
  Use: Potion            |     2 |     5 ||     7
       Scroll            |       |     3 ||     3
 Stab: Sleeping          |     3 |     4 ||     7
       Invisible         |       |     1 ||     1
  Eat: Chunk             |     1 |     6 ||     7
Armor: Leather armour    |    12 |       ||    12
       Robe              |     1 |       ||     1
       Ring mail         |    49 |    93 ||   142
Dodge: Dodged            |   129 |   164 ||   293
       Rpst.: Falchion   |    48 |    48 ||    96
